 Dungeon Crawl Stone Soup version 0.31-a0-188-g5e087ee2ca (webtiles) character file.

Game seed: 7831333516449302522

688 qw the Skirmisher (level 7, 0/40 HPs)
             Began as a Deep Elf Hunter on June 23, 2023.
             Was an Initiate of Okawaru.
             Slain by a gnoll sergeant
             ... wielding a +0 trident
              (12 damage)
             ... on level 5 of the Dungeon.
             The game lasted 00:01:17 (3553 turns).

qw the Skirmisher (Deep Elf Hunter)                 Turns: 3553, Time: 00:01:17

Health: 0/40       AC:  7    Str: 10    XL:     7   Next: 36%
Magic:  9/9        EV: 11    Int: 14    God:    Okawaru [......]
Gold:   138        SH:  0    Dex: 18    Spells: 6/6 levels left

rFire   . . .        Y - +0 shortbow
rCold   . . .        (shield currently unavailable)
rNeg    . . .        i - +0 ring mail
rPois   .            b - +1 helmet
rElec   .            (no cloak)
rCorr   .            (no gloves)
SInv    .            (no boots)
Will    .....        (no amulet)
Stlth   +            (no ring)
HPRegen 0.26/turn    (no ring)
MPRegen 0.11/turn

%: no passive effects
@: no status effects
A: no striking features
a: Renounce Religion


You were on level 5 of the Dungeon.
You worshipped Okawaru.
Okawaru was noncommittal.
You visited 2 branches of the dungeon, and saw 6 of its levels.

You collected 138 gold pieces.


   Skills:
 - Level 2.0 Fighting
 + Level 11.2 Ranged Weapons
 - Level 1.1 Armour
 - Level 3.0 Dodging
 - Level 1.2 Stealth


You had 6 spell levels left.
You didn't know any spells.
Your spell library was empty.

Inventory:

Hand Weapons
 Y - a +0 shortbow (weapon)
Armour
 b - a +1 helmet (worn)
 i - a +0 ring mail (worn)
Wands
 m - a wand of digging (1)
Scrolls
 a - 2 scrolls of enchant weapon {unknown}
 h - a scroll of identify
Potions
 c - 3 potions of curing
 e - a potion of might
 f - a potion of haste
 g - a potion of mutation {unknown}
 k - a potion of brilliance {unknown}
 n - a potion of enlightenment {unknown}

Dungeon Overview and Level Annotations

Branches:
Dungeon (5/15)             Temple (1/1) D:4

Altars:
Ashenzari
Cheibriados
Dithmenos
Fedhas
Gozag
Hepliaklqana
Kikubaaqudgha
Makhleb
Nemelex Xobeh
Okawaru
Qazlal
Sif Muna
Trog
Vehumet
Xom
Yredelemnul
Zin
The Shining One

Shops:
D:4 [


Message History

The gnoll sergeant completely misses you.
You shoot an arrow.
The arrow hits the gnoll sergeant but does no damage.
The gnoll sergeant is moderately wounded.
A gnoll comes into view. It is wielding a +0 club.
The gnoll sergeant hits you from afar with a +0 trident!
You shoot an arrow.
The arrow closely misses the gnoll sergeant.
The arrow hits the orc wizard but does no damage.
The orc wizard casts a spell.
The orc wizard flickers and vanishes!
Deactivating autopickup; reactivate with Ctrl-A.
The gnoll sergeant hits you from afar with a +0 trident!
A gnoll comes into view. It is wielding a +0 halberd.
You hear a shout!
You shoot an arrow. The gnoll shouts!
The arrow hits the gnoll sergeant but does no damage.
The gnoll sergeant is moderately wounded.
The gnoll sergeant barely misses you.
You shoot an arrow.
The arrow hits the gnoll sergeant but does no damage.
The gnoll sergeant is moderately wounded.
The gnoll sergeant hits you but does no damage.
You shoot an arrow.
The arrow hits the gnoll sergeant but does no damage.
The gnoll sergeant is moderately wounded.
The gnoll sergeant hits you from afar with a +0 trident!
You shoot an arrow.
The arrow hits the gnoll sergeant but does no damage.
The gnoll sergeant is moderately wounded.
The orc wizard points at you and mumbles some strange words.
You easily resist.
An orc comes into view. It is wielding a +0 club.
The gnoll sergeant closely misses you.
You shoot an arrow.
The arrow hits the gnoll sergeant but does no damage.
The gnoll sergeant is moderately wounded.
The gnoll sergeant hits you from afar with a +0 trident!
You die...

###...........# #.
#...~~~~~~~~~.# #.
#.#.~.... ..¤.#
##)####.#.~.#####.~.#
#.........¤¤....#.~.#
###.......~.#._.#.~.#
..#.......~.#.).).¤¤#
..........~.#####.~.##
..........~.....@.~¤.#
..........~~~~~~~~~..#
.............gogo....#
......####...gg.###..#
##+#### #.##o#.# .##
#.##.#.# ## #....
g##..


You could see a gnoll sergeant, an orc wizard, 3 gnolls and 2 orcs.

Vanquished Creatures
  Sigmund (D:2)
  A phantom (D:4)
  Blork the orc (D:4)
  A hound (D:3)
  2 jellies
  A gnoll bouda (D:5)
  Natasha (thrice) (D:2)
  An orc wizard (D:3)
  5 gnolls (D:5)
  5 adders
  A worm (D:3)
  2 dart slugs
  8 orcs
  12 ball pythons
  An endoplasm (D:1)
  5 giant cockroaches
  7 goblins
  4 hobgoblins
  3 kobolds
  2 quokkas
  5 bats
  2 frilled lizards
  4 rats
77 creatures vanquished.

Notes
Turn   | Place    | Note
-------+----------+-------------------------------------------
     0 | D:1      | qw the Deep Elf Hunter began the quest for the Orb.
     0 | D:1      | Reached XP level 1. HP: 12/12 MP: 3/3
     0 | D:1      | 0 ||| qw: Version: 0.3-a-9-g12657ce
     0 | D:1      | 0 ||| qw: Game counter: 4266
     0 | D:1      | 0 ||| qw: Always use a shield: true
     0 | D:1      | 0 ||| qw: God list: Okawaru
     0 | D:1      | 0 ||| qw: Allow faded altars: false
     0 | D:1      | 0 ||| qw: Do Orc after D:15 true
     0 | D:1      | 0 ||| qw: Do second Lair branch before Depths: true
     0 | D:1      | 0 ||| qw: Lair rune preference: random
     0 | D:1      | 0 ||| qw: Plans: Normal
     0 | D:1      | 0 ||| PLANNING D:1-11
   247 | D:1      | Reached skill level 6 in Ranged Weapons
   247 | D:1      | Reached XP level 2. HP: 14/16 MP: 4/4
   841 | D:1      | 841 ||| READING scroll labelled OCANAC NOACK.
   842 | D:1      | 842 ||| READING scroll labelled ICATHR PIHE.
   843 | D:1      | 843 ||| DROPPING scroll of butterflies.
   869 | D:2      | Reached XP level 3. HP: 20/20 MP: 5/5
   883 | D:2      | Reached skill level 7 in Ranged Weapons
   982 | D:2      | Noticed Natasha
   986 | D:2      | Killed Natasha
   987 | D:2      | Reached XP level 4. HP: 25/25 MP: 6/6
   994 | D:2      | Noticed Sigmund
  1000 | D:2      | Killed Sigmund
  1001 | D:2      | Reached skill level 9 in Ranged Weapons
  1001 | D:2      | Reached XP level 5. HP: 24/29 MP: 7/7
  1034 | D:2      | Noticed Natasha
  1040 | D:2      | Killed Natasha
  1041 | D:2      | Reached skill level 3 in Dodging
  1186 | D:2      | Reached XP level 6. HP: 35/35 MP: 8/8
  1234 | D:2      | Noticed Natasha
  1243 | D:2      | Killed Natasha
  1444 | D:2      | 1444 ||| UPGRADING to +0 helmet.
  1449 | D:2      | 1449 ||| READING scroll of enchant armour.
  1449 | D:2      | 1449 ||| ENCHANTING +0 helmet.
  1450 | D:2      | 1450 ||| READING scroll labelled LANUEWNACHAING.
  1451 | D:2      | 1451 ||| READING scroll labelled XUOMIE ZUBB.
  1452 | D:2      | 1452 ||| READING scroll labelled QEAVURCHUUSS.
  1453 | D:2      | 1453 ||| DRINKING 2 lumpy puce potions.
  1454 | D:2      | 1454 ||| READING 2 scrolls of identify.
  1454 | D:2      | 1454 ||| IDENTIFYING golden potion
  1455 | D:2      | 1455 ||| DROPPING potion of degeneration.
  1606 | D:3      | Found a basalt altar of Yredelemnul.
  2030 | D:3      | Found a faded altar of an unknown god.
  2177 | D:3      | Reached skill level 10 in Ranged Weapons
  2277 | D:3      | 2277 ||| UPGRADING to +0 ring mail.
  2287 | D:3      | 2287 ||| DROPPING +0 leather armour.
  2288 | D:3      | 2288 ||| READING scroll labelled WUNEPS VAIFER.
  2289 | D:3      | 2289 ||| DRINKING 2 metallic purple potions.
  2333 | D:4      | Found a staircase to the Ecumenical Temple.
  2334 | D:4      | 2334 ||| PLANNING TEMPLE
  2339 | Temple   | Entered the Ecumenical Temple
  2371 | Temple   | 2371 ||| PLANNING OKAWARU WORSHIP
  2435 | Temple   | Became a worshipper of Warmaster Okawaru
  2436 | Temple   | 2436 ||| PLANNING D:1-11
  2602 | D:4      | Found Ytyr's Antique Armour Boutique.
  2631 | D:4      | Reached skill level 1 in Armour
  2847 | D:4      | Reached XP level 7. HP: 24/40 MP: 9/9
  2974 | D:4      | Found a hazy altar of Hepliaklqana.
  3013 | D:4      | Noticed Blork the orc
  3020 | D:4      | Killed Blork the orc
  3202 | D:4      | 3202 ||| DRINKING 3 bubbling puce potions.
  3203 | D:4      | 3203 ||| DRINKING 2 bubbling orange potions.
  3308 | D:4      | 3308 ||| READING 3 scrolls of identify.
  3308 | D:4      | 3308 ||| IDENTIFYING yellow potion
  3309 | D:4      | 3309 ||| READING 2 scrolls of identify.
  3309 | D:4      | 3309 ||| IDENTIFYING lumpy amethyst potion
  3310 | D:4      | 3310 ||| DROPPING potion of ambrosia.
  3311 | D:4      | 3311 ||| DROPPING potion of berserk rage.
  3329 | D:5      | Entered Level 5 of the Dungeon
  3384 | D:5      | Reached skill level 11 in Ranged Weapons
  3393 | D:5      | HP: 10/40 [gnoll bouda/+0 whip (8)]
  3394 | D:5      | 3394 ||| DRINKING potion of heal wounds.
  3509 | D:5      | Found a glowing silver altar of Zin.
  3529 | D:5      | Found a blossoming altar of Fedhas.
  3546 | D:5      | 3546 ||| Stepping ~*~*~tactically~*~*~ (outnumbered).
  3553 | D:5      | Slain by a gnoll sergeant

Levels and vault maps discovered:
D:1:      minmay_arrival_five_plusses, layout_basic, minivault_26
D:2:      layout_rooms, uniq_sigmund, uniq_natasha
D:3:      layout_basic, marbit_many_paths, nicolae_ecumenical_snake_handling
D:4:      layout_gridville, nicolae_hepliaklqana_hazy_memory,
          minmay_temple_entry_sparse_star, serial_shops,
          nicolae_shop_tiny_statue_garden, kennysheep_generic_room_13,
          uniq_blork_the_orc
D:5:      layout_loops_corners, zin_academy,
          nicolae_wu_jian_immortal_techniques, mainiacjoe_overflow_brackets,
          nicolae_uskayaw_dance_hall
Temple:   compressed_dpeg_circular_temple

Skill      XL: |  1  2  3  4  5  6  7 |
---------------+----------------------+-----
Ranged Weapons | 6 7 9 10 11 | 11.2
Dodging        | 3 |  3.0
Fighting       | 2 |  2.0
Armour         | 1 |  1.1
Stealth        | |  1.2

Action                     |  1- 3 |  4- 6 |  7- 9 || total
---------------------------+-------+-------+-------++-------
   Fire: Shortbow          |    64 |   150 |    56 ||   270
    Use: Scroll            |     2 |     6 |     2 ||    10
         Potion            |       |     2 |     3 ||     5
 Armour: Leather armour    |       |     6 |       ||     6
         Ring mail         |       |    12 |    12 ||    24
  Dodge: Dodged            |    12 |    27 |    25 ||    64

Table legend:
 A = Non-vault XP
 B = Vault XP
 C = Vault XP percentage of total XP
 D = Non-vault monster count
 E = Vault monster count
 F = Vault count percentage of total count
                 A         B        C        D         E       F
            +---------+---------+-------+---------+---------+-------
      Total |     628 |     356 |  36.2 |      68 |       9 |  11.7
            +---------+---------+-------+---------+---------+-------
        D:1 |      31 |       0 |   0.0 |      17 |       0 |   0.0
        D:2 |     132 |     261 |  66.4 |      17 |       2 |  10.5
        D:3 |     132 |       8 |   5.7 |      15 |       5 |  25.0
        D:4 |     173 |      87 |  33.5 |      12 |       2 |  14.3
        D:5 |     160 |       0 |   0.0 |       7 |       0 |   0.0
            +---------+---------+-------+---------+---------+-------
